 Dungeon Crawl Stone Soup version 0.17-a0-1719-g1afd5a1 (console) character file.

308 Illiel the Shooter (level 6, -3/42 HPs)
             Began as a High Elf Hunter on Aug 27, 2015.
             Was an Initiate of Okawaru.
             Slain by Blork the orc
             ... wielding a +0 scimitar
              (9 damage)
             ... on level 5 of the Dungeon.
             The game lasted 00:16:26 (3467 turns).

Illiel the Shooter (High Elf Hunter)                Turns: 3467, Time: 00:16:26

Health: -3/42      AC:  6    Str: 11    XL:     6   Next: 17%
Magic:  0/7        EV: 14    Int: 15    God:    Okawaru [......]
Gold:   228        SH:  0    Dex: 18    Spells: 0 memorised, 5 levels left

rFire  . . .     SeeInvis .     b - +2 short sword (elec)
rCold  . . .     Clarity  .     d - +0 leather armour
rNeg   . . .     SustAt   .     (no shield)
rPois  .         Gourm    .     y - +1 helmet
rElec  .         Spirit   +     r - +0 cloak
rCorr  .         Warding  .     (no gloves)
rMut   .         Stasis   .     (no boots)
MR     .....                    h - amulet of guardian spirit
Stlth  ++........               (no ring)
                                (no ring)

@: not resistant to hostile enchantments, unstealthy
A: no striking features
a: Renounce Religion


You were on level 5 of the Dungeon.
You worshipped Okawaru.
Okawaru was noncommittal.
You were hungry.

You visited 2 branches of the dungeon, and saw 6 of its levels.

You collected 228 gold pieces.

Inventory:

Hand weapons
 a - a +1 shortbow
 b - a +2 short sword of electrocution (weapon)
Missiles
 p - 22 arrows
Armour
 d - a +0 leather armour (worn)
 r - a +0 cloak (worn)
 y - a +1 helmet (worn)
Jewellery
 h - an amulet of guardian spirit (around neck)
Scrolls
 c - a scroll of amnesia {unknown}
 j - a scroll of teleportation {unknown}
 k - 3 scrolls of remove curse {unknown}
 l - a scroll of identify
 s - a scroll of magic mapping {unknown}
 t - a scroll of immolation {unknown}
Potions
 i - 2 potions of curing
 n - a potion of resistance
 q - 2 potions of mutation
 u - 2 potions of degeneration
 v - a potion of flight
 x - a potion of cure mutation
 z - a potion of haste
Books
 A - a book of Callings

   Spells                             Type                      Level
   a - Summon Small Mammal            Summoning                    1
   b - Call Imp                       Summoning                    2
   c - Call Canine Familiar           Summoning                    3
   d - Summon Guardian Golem          Hexes/Summoning              3
   e - Summon Lightning Spire         Summoning/Air                4
   f - Summon Ice Beast               Ice/Summoning                4
Comestibles
 e - 4 bread rations
 m - 15 fruits
 o - a royal jelly
 w - a meat ration


   Skills:
 + Level 3.3 Fighting
 * Level 7.5 Bows
 + Level 3.7 Dodging
 + Level 3.2 Stealth


You had 5 spell levels left.
You didn't know any spells.

Dungeon Overview and Level Annotations

Branches:
Dungeon (5/15)             Temple (1/1) D:4

Altars:
Ashenzari
Cheibriados
Dithmenos
Fedhas
Kikubaaqudgha
Makhleb
Okawaru
Sif Muna
Vehumet
Yredelemnul

Shops:
D:4 :

Annotations:
D:5 Blork the orc


Message History

You hit Blork the orc.
Blork the orc is heavily wounded.
Blork the orc hits you with a scimitar.
You hit Blork the orc.
Blork the orc is heavily wounded.
Blork the orc barely misses you.
You closely miss Blork the orc.
Blork the orc is heavily wounded.
Blork the orc closely misses you.
You hit Blork the orc.
Blork the orc is severely wounded.
Blork the orc hits you with a scimitar!
You closely miss Blork the orc.
Blork the orc is severely wounded.
Blork the orc hits you with a scimitar!
* * * LOW HITPOINT WARNING * * *
You hit Blork the orc.
Blork the orc is almost dead.
Blork the orc hits you with a scimitar!
You die...

▒▒▒ ▒∙∙ ▒
▒∙▒ ▒▒
▒∙▒∙▒ ∙(
▒∙▒∙▒▒▒∙▒▒
▒∙∙∙∙∙o∙∙▒
▒▒▒(▒▒▒∙∙▒
▒(▒ ∙▒ ▒∙▒
▒ ▒(▒ ▒o▒
▒▒▒▒@▒
▒<∙∙∙▒
▒▒▒▒▒▒


You could see Blork the orc.

Vanquished Creatures
  An orc wizard (Temple)
  Crazy Yiuf (D:2)
  Jessica (D:3)
  An orc priest (D:3)
  Terence (D:3)
  An iguana (D:4)
  A worker ant (D:4)
  4 adders
  An ooze (D:1)
  3 giant geckos
  14 orcs
  10 giant cockroaches
  3 goblins
  2 hobgoblins
  5 kobolds
  3 quokkas
  3 ball pythons
  12 bats
  A giant gecko skeleton (D:4)
  3 giant newts
71 creatures vanquished.

Notes
Turn   | Place    | Note
--------------------------------------------------------------
     0 | D:1      | Illiel the High Elf Hunter began the quest for the Orb.
     0 | D:1      | Reached XP level 1. HP: 14/14 MP: 2/2
   204 | D:1      | Reached XP level 2. HP: 9/19 MP: 3/3
  1159 | D:2      | Reached XP level 3. HP: 16/25 MP: 4/4
  1214 | D:2      | Reached skill level 6 in Bows
  1695 | D:2      | Found a deep blue altar of Sif Muna.
  1944 | D:2      | Noticed Crazy Yiuf
  1965 | D:2      | Killed Crazy Yiuf
  1965 | D:2      | Reached XP level 4. HP: 26/30 MP: 5/5
  2045 | D:3      | Noticed Terence
  2060 | D:3      | Killed Terence
  2206 | D:3      | Noticed Jessica
  2209 | D:3      | Killed Jessica
  2209 | D:3      | Reached XP level 5. HP: 36/36 MP: 6/6
  2298 | D:3      | Reached skill level 7 in Bows
  2756 | D:4      | Found Lihal's Book Boutique.
  2833 | D:4      | Found a staircase to the Ecumenical Temple.
  2842 | Temple   | Entered the Ecumenical Temple
  2905 | Temple   | Became a worshipper of Warmaster Okawaru
  2964 | Temple   | Reached XP level 6. HP: 40/42 MP: 5/7
  3321 | D:4      | Found a blossoming altar of Fedhas.
  3383 | D:5      | Entered Level 5 of the Dungeon
  3415 | D:5      | Noticed Blork the orc
  3467 | D:5      | Slain by Blork the orc

Vault maps used:
D:1:      dpeg_arrival_stone_temple_mockup, corner_web_ring,
          grunt_decor_mini_mirrors
D:2:      lemuel_blue_sif_altar, uniq_crazy_yiuf_cottage
D:3:      uniq_jessica, uniq_terence
D:4:      minmay_temple_entry_water_ring, serial_shops, shop, first_bread,
          fedhas_altar_fruit_tree
D:5:      uniq_blork_the_orc
Temple:   circular_temple_pool_8

Action                   |  1- 3 |  4- 6 || total
-------------------------+-------+-------++-------
Melee: Dagger            |    37 |       ||    37
       Short sword       |    13 |    31 ||    44
 Fire: Shortbow          |    91 |   104 ||   195
  Use: Potion            |     1 |     1 ||     2
       Scroll            |       |     7 ||     7
  Eat: Chunk             |     3 |     4 ||     7
